Workbook

Sheet Cash Flow
A1: Transaction Date | B1: Reference | C1: Contact | D1: Town/City | E1: Cash Flow Type | F1: Category | G1: Description | H1: Status | I1: Net Amount (€) | J1: VAT Rate | K1: VAT Amount (€) | L1: Gross Cash Amount (€) | M1: Expected Payment Date | N1: Month | O1: Signed Cash Flow (€) | P1: Cumulative Cash Balance (€)
A2: 46037 | B2: CF-2026-001 | C2: Aoife Byrne | D2: Dublin | E2: Inflow | F2: Consultancy | G2: Software consultancy invoice | H2: Actual | I2: 4800 | J2: =IF(F2="","",IFERROR(VLOOKUP(F2,'Assumptions'!$A$9:$B$16,2,FALSE),0)) | K2: =IF(OR(I2="",J2=""),"",I2*J2) | L2: =IF(I2="","",I2+IF(K2="",0,K2)) | M2: 46042 | N2: =IF(A2="","",DATE(YEAR(A2),MONTH(A2),1)) | O2: =IF(OR(E2="",L2=""),"",IF(E2="Inflow",L2,-L2)) | P2: =IF(O2="","",'Assumptions'!$B$2+O2)
A3: 46054 | B3: CF-2026-002 | C3: Seán Murphy | D3: Cork | E3: Outflow | F3: Rent | G3: Office rent | H3: Forecast | I3: 1850 | J3: =IF(F3="","",IFERROR(VLOOKUP(F3,'Assumptions'!$A$9:$B$16,2,FALSE),0)) | K3: =IF(OR(I3="",J3=""),"",I3*J3) | L3: =IF(I3="","",I3+IF(K3="",0,K3)) | M3: 46081 | N3: =IF(A3="","",DATE(YEAR(A3),MONTH(A3),1)) | O3: =IF(OR(E3="",L3=""),"",IF(E3="Inflow",L3,-L3)) | P3: =IF(O3="","",IF(P2="",'Assumptions'!$B$2,P2)+O3)
A4: 46091 | B4: CF-2026-003 | C4: Niamh Kelly | D4: Galway | E4: Inflow | F4: Consultancy | G4: Bookkeeping services invoice | H4: Actual | I4: 2400 | J4: =IF(F4="","",IFERROR(VLOOKUP(F4,'Assumptions'!$A$9:$B$16,2,FALSE),0)) | K4: =IF(OR(I4="",J4=""),"",I4*J4) | L4: =IF(I4="","",I4+IF(K4="",0,K4)) | M4: 46101 | N4: =IF(A4="","",DATE(YEAR(A4),MONTH(A4),1)) | O4: =IF(OR(E4="",L4=""),"",IF(E4="Inflow",L4,-L4)) | P4: =IF(O4="","",IF(P3="",'Assumptions'!$B$2,P3)+O4)
A5: 46127 | B5: CF-2026-004 | C5: Cian O’Brien | D5: Limerick | E5: Outflow | F5: Revenue Payment | G5: Revenue VAT payment | H5: Actual | I5: 1275 | J5: =IF(F5="","",IFERROR(VLOOKUP(F5,'Assumptions'!$A$9:$B$16,2,FALSE),0)) | K5: =IF(OR(I5="",J5=""),"",I5*J5) | L5: =IF(I5="","",I5+IF(K5="",0,K5)) | M5: 46134 | N5: =IF(A5="","",DATE(YEAR(A5),MONTH(A5),1)) | O5: =IF(OR(E5="",L5=""),"",IF(E5="Inflow",L5,-L5)) | P5: =IF(O5="","",IF(P4="",'Assumptions'!$B$2,P4)+O5)
A6: 46147 | B6: CF-2026-005 | C6: Saoirse Ryan | D6: Waterford | E6: Outflow | F6: Payroll | G6: Payroll and employer costs | H6: Forecast | I6: 3950 | J6: =IF(F6="","",IFERROR(VLOOKUP(F6,'Assumptions'!$A$9:$B$16,2,FALSE),0)) | K6: =IF(OR(I6="",J6=""),"",I6*J6) | L6: =IF(I6="","",I6+IF(K6="",0,K6)) | M6: 46170 | N6: =IF(A6="","",DATE(YEAR(A6),MONTH(A6),1)) | O6: =IF(OR(E6="",L6=""),"",IF(E6="Inflow",L6,-L6)) | P6: =IF(O6="","",IF(P5="",'Assumptions'!$B$2,P5)+O6)
A7: 46185 | B7: CF-2026-006 | C7: Conor Walsh | D7: Kilkenny | E7: Inflow | F7: Consultancy | G7: Website project deposit | H7: Forecast | I7: 3200 | J7: =IF(F7="","",IFERROR(VLOOKUP(F7,'Assumptions'!$A$9:$B$16,2,FALSE),0)) | K7: =IF(OR(I7="",J7=""),"",I7*J7) | L7: =IF(I7="","",I7+IF(K7="",0,K7)) | M7: 46203 | N7: =IF(A7="","",DATE(YEAR(A7),MONTH(A7),1)) | O7: =IF(OR(E7="",L7=""),"",IF(E7="Inflow",L7,-L7)) | P7: =IF(O7="","",IF(P6="",'Assumptions'!$B$2,P6)+O7)
A8: 46204 | B8: CF-2026-007 | C8: Ciara Doyle | D8: Sligo | E8: Outflow | F8: Insurance | G8: Insurance renewal | H8: Forecast | I8: 720 | J8: =IF(F8="","",IFERROR(VLOOKUP(F8,'Assumptions'!$A$9:$B$16,2,FALSE),0)) | K8: =IF(OR(I8="",J8=""),"",I8*J8) | L8: =IF(I8="","",I8+IF(K8="",0,K8)) | M8: 46218 | N8: =IF(A8="","",DATE(YEAR(A8),MONTH(A8),1)) | O8: =IF(OR(E8="",L8=""),"",IF(E8="Inflow",L8,-L8)) | P8: =IF(O8="","",IF(P7="",'Assumptions'!$B$2,P7)+O8)
A9: 46242 | B9: CF-2026-008 | C9: Oisín McCarthy | D9: Drogheda | E9: Inflow | F9: Training | G9: Customer training invoice | H9: Actual | I9: 1950 | J9: =IF(F9="","",IFERROR(VLOOKUP(F9,'Assumptions'!$A$9:$B$16,2,FALSE),0)) | K9: =IF(OR(I9="",J9=""),"",I9*J9) | L9: =IF(I9="","",I9+IF(K9="",0,K9)) | M9: 46252 | N9: =IF(A9="","",DATE(YEAR(A9),MONTH(A9),1)) | O9: =IF(OR(E9="",L9=""),"",IF(E9="Inflow",L9,-L9)) | P9: =IF(O9="","",IF(P8="",'Assumptions'!$B$2,P8)+O9)
A10: 46269 | B10: CF-2026-009 | C10: Róisín Nolan | D10: Dundalk | E10: Outflow | F10: Software | G10: Software subscriptions | H10: Actual | I10: 480 | J10: =IF(F10="","",IFERROR(VLOOKUP(F10,'Assumptions'!$A$9:$B$16,2,FALSE),0)) | K10: =IF(OR(I10="",J10=""),"",I10*J10) | L10: =IF(I10="","",I10+IF(K10="",0,K10)) | M10: 46277 | N10: =IF(A10="","",DATE(YEAR(A10),MONTH(A10),1)) | O10: =IF(OR(E10="",L10=""),"",IF(E10="Inflow",L10,-L10)) | P10: =IF(O10="","",IF(P9="",'Assumptions'!$B$2,P9)+O10)
A11: 46305 | B11: CF-2026-010 | C11: Liam Fitzgerald | D11: Wexford | E11: Outflow | F11: Equipment | G11: Equipment purchase | H11: Forecast | I11: 2300 | J11: =IF(F11="","",IFERROR(VLOOKUP(F11,'Assumptions'!$A$9:$B$16,2,FALSE),0)) | K11: =IF(OR(I11="",J11=""),"",I11*J11) | L11: =IF(I11="","",I11+IF(K11="",0,K11)) | M11: 46325 | N11: =IF(A11="","",DATE(YEAR(A11),MONTH(A11),1)) | O11: =IF(OR(E11="",L11=""),"",IF(E11="Inflow",L11,-L11)) | P11: =IF(O11="","",IF(P10="",'Assumptions'!$B$2,P10)+O11)
J12: =IF(F12="","",IFERROR(VLOOKUP(F12,'Assumptions'!$A$9:$B$16,2,FALSE),0)) | K12: =IF(OR(I12="",J12=""),"",I12*J12) | L12: =IF(I12="","",I12+IF(K12="",0,K12)) | N12: =IF(A12="","",DATE(YEAR(A12),MONTH(A12),1)) | O12: =IF(OR(E12="",L12=""),"",IF(E12="Inflow",L12,-L12)) | P12: =IF(O12="","",IF(P11="",'Assumptions'!$B$2,P11)+O12)
J13: =IF(F13="","",IFERROR(VLOOKUP(F13,'Assumptions'!$A$9:$B$16,2,FALSE),0)) | K13: =IF(OR(I13="",J13=""),"",I13*J13) | L13: =IF(I13="","",I13+IF(K13="",0,K13)) | N13: =IF(A13="","",DATE(YEAR(A13),MONTH(A13),1)) | O13: =IF(OR(E13="",L13=""),"",IF(E13="Inflow",L13,-L13)) | P13: =IF(O13="","",IF(P12="",'Assumptions'!$B$2,P12)+O13)
J14: =IF(F14="","",IFERROR(VLOOKUP(F14,'Assumptions'!$A$9:$B$16,2,FALSE),0)) | K14: =IF(OR(I14="",J14=""),"",I14*J14) | L14: =IF(I14="","",I14+IF(K14="",0,K14)) | N14: =IF(A14="","",DATE(YEAR(A14),MONTH(A14),1)) | O14: =IF(OR(E14="",L14=""),"",IF(E14="Inflow",L14,-L14)) | P14: =IF(O14="","",IF(P13="",'Assumptions'!$B$2,P13)+O14)
J15: =IF(F15="","",IFERROR(VLOOKUP(F15,'Assumptions'!$A$9:$B$16,2,FALSE),0)) | K15: =IF(OR(I15="",J15=""),"",I15*J15) | L15: =IF(I15="","",I15+IF(K15="",0,K15)) | N15: =IF(A15="","",DATE(YEAR(A15),MONTH(A15),1)) | O15: =IF(OR(E15="",L15=""),"",IF(E15="Inflow",L15,-L15)) | P15: =IF(O15="","",IF(P14="",'Assumptions'!$B$2,P14)+O15)
J16: =IF(F16="","",IFERROR(VLOOKUP(F16,'Assumptions'!$A$9:$B$16,2,FALSE),0)) | K16: =IF(OR(I16="",J16=""),"",I16*J16) | L16: =IF(I16="","",I16+IF(K16="",0,K16)) | N16: =IF(A16="","",DATE(YEAR(A16),MONTH(A16),1)) | O16: =IF(OR(E16="",L16=""),"",IF(E16="Inflow",L16,-L16)) | P16: =IF(O16="","",IF(P15="",'Assumptions'!$B$2,P15)+O16)
J17: =IF(F17="","",IFERROR(VLOOKUP(F17,'Assumptions'!$A$9:$B$16,2,FALSE),0)) | K17: =IF(OR(I17="",J17=""),"",I17*J17) | L17: =IF(I17="","",I17+IF(K17="",0,K17)) | N17: =IF(A17="","",DATE(YEAR(A17),MONTH(A17),1)) | O17: =IF(OR(E17="",L17=""),"",IF(E17="Inflow",L17,-L17)) | P17: =IF(O17="","",IF(P16="",'Assumptions'!$B$2,P16)+O17)
J18: =IF(F18="","",IFERROR(VLOOKUP(F18,'Assumptions'!$A$9:$B$16,2,FALSE),0)) | K18: =IF(OR(I18="",J18=""),"",I18*J18) | L18: =IF(I18="","",I18+IF(K18="",0,K18)) | N18: =IF(A18="","",DATE(YEAR(A18),MONTH(A18),1)) | O18: =IF(OR(E18="",L18=""),"",IF(E18="Inflow",L18,-L18)) | P18: =IF(O18="","",IF(P17="",'Assumptions'!$B$2,P17)+O18)
J19: =IF(F19="","",IFERROR(VLOOKUP(F19,'Assumptions'!$A$9:$B$16,2,FALSE),0)) | K19: =IF(OR(I19="",J19=""),"",I19*J19) | L19: =IF(I19="","",I19+IF(K19="",0,K19)) | N19: =IF(A19="","",DATE(YEAR(A19),MONTH(A19),1)) | O19: =IF(OR(E19="",L19=""),"",IF(E19="Inflow",L19,-L19)) | P19: =IF(O19="","",IF(P18="",'Assumptions'!$B$2,P18)+O19)
J20: =IF(F20="","",IFERROR(VLOOKUP(F20,'Assumptions'!$A$9:$B$16,2,FALSE),0)) | K20: =IF(OR(I20="",J20=""),"",I20*J20) | L20: =IF(I20="","",I20+IF(K20="",0,K20)) | N20: =IF(A20="","",DATE(YEAR(A20),MONTH(A20),1)) | O20: =IF(OR(E20="",L20=""),"",IF(E20="Inflow",L20,-L20)) | P20: =IF(O20="","",IF(P19="",'Assumptions'!$B$2,P19)+O20)
J21: =IF(F21="","",IFERROR(VLOOKUP(F21,'Assumptions'!$A$9:$B$16,2,FALSE),0)) | K21: =IF(OR(I21="",J21=""),"",I21*J21) | L21: =IF(I21="","",I21+IF(K21="",0,K21)) | N21: =IF(A21="","",DATE(YEAR(A21),MONTH(A21),1)) | O21: =IF(OR(E21="",L21=""),"",IF(E21="Inflow",L21,-L21)) | P21: =IF(O21="","",IF(P20="",'Assumptions'!$B$2,P20)+O21)
J22: =IF(F22="","",IFERROR(VLOOKUP(F22,'Assumptions'!$A$9:$B$16,2,FALSE),0)) | K22: =IF(OR(I22="",J22=""),"",I22*J22) | L22: =IF(I22="","",I22+IF(K22="",0,K22)) | N22: =IF(A22="","",DATE(YEAR(A22),MONTH(A22),1)) | O22: =IF(OR(E22="",L22=""),"",IF(E22="Inflow",L22,-L22)) | P22: =IF(O22="","",IF(P21="",'Assumptions'!$B$2,P21)+O22)
J23: =IF(F23="","",IFERROR(VLOOKUP(F23,'Assumptions'!$A$9:$B$16,2,FALSE),0)) | K23: =IF(OR(I23="",J23=""),"",I23*J23) | L23: =IF(I23="","",I23+IF(K23="",0,K23)) | N23: =IF(A23="","",DATE(YEAR(A23),MONTH(A23),1)) | O23: =IF(OR(E23="",L23=""),"",IF(E23="Inflow",L23,-L23)) | P23: =IF(O23="","",IF(P22="",'Assumptions'!$B$2,P22)+O23)
... J101: =IF(F101="","",IFERROR(VLOOKUP(F101,'Assumptions'!$A$9:$B$16,2,FALSE),0)) | K101: =IF(OR(I101="",J101=""),"",I101*J101) | L101: =IF(I101="","",I101+IF(K101="",0,K101)) | N101: =IF(A101="","",DATE(YEAR(A101),MONTH(A101),1)) | O101: =IF(OR(E101="",L101=""),"",IF(E101="Inflow",L101,-L101)) | P101: =IF(O101="","",IF(P100="",'Assumptions'!$B$2,P100)+O101)

Sheet Dashboard
A1: Cash Flow Projection Dashboard
A2: Opening Cash Balance (€) | B2: ='Assumptions'!$B$2
A3: Total Inflows (€) | B3: =SUMIF('Cash Flow'!$E$2:$E$101,"Inflow",'Cash Flow'!$L$2:$L$101)
A4: Total Outflows (€) | B4: =SUMIF('Cash Flow'!$E$2:$E$101,"Outflow",'Cash Flow'!$L$2:$L$101)
A5: Total Cash Activity (€) | B5: =SUM(B3,B4)
A6: Net Cash Movement (€) | B6: =SUM('Cash Flow'!$O$2:$O$101)
A7: Average Transaction Value (€) | B7: =IFERROR(AVERAGE('Cash Flow'!$L$2:$L$101),0)
A8: Number of Forecast Transactions | B8: =COUNTIF('Cash Flow'!$H$2:$H$101,"Forecast")
A9: Inflow Percentage | B9: =IF(B5=0,0,B3/B5)
A10: Projected Closing Balance (€) | B10: =B2+B6
A13: Monthly Cash Flow Summary | G13: Outflows by Category
A15: Month | B15: Inflows (€) | C15: Outflows (€) | D15: Net Movement (€) | E15: Closing Balance (€) | F15: Cash Position | G15: Category | H15: Outflows (€)
A16: 46023 | B16: =SUMIFS('Cash Flow'!$L$2:$L$101,'Cash Flow'!$E$2:$E$101,"Inflow",'Cash Flow'!$A$2:$A$101,">="&A16,'Cash Flow'!$A$2:$A$101,"<"&DATE(YEAR(A16),MONTH(A16)+1,1)) | C16: =SUMIFS('Cash Flow'!$L$2:$L$101,'Cash Flow'!$E$2:$E$101,"Outflow",'Cash Flow'!$A$2:$A$101,">="&A16,'Cash Flow'!$A$2:$A$101,"<"&DATE(YEAR(A16),MONTH(A16)+1,1)) | D16: =B16-C16 | E16: ='Assumptions'!$B$2+D16 | F16: =IF(E16<'Assumptions'!$B$3,"Review","Within target") | G16: Consultancy | H16: =SUMIFS('Cash Flow'!$L$2:$L$101,'Cash Flow'!$E$2:$E$101,"Outflow",'Cash Flow'!$F$2:$F$101,G16)
A17: 46054 | B17: =SUMIFS('Cash Flow'!$L$2:$L$101,'Cash Flow'!$E$2:$E$101,"Inflow",'Cash Flow'!$A$2:$A$101,">="&A17,'Cash Flow'!$A$2:$A$101,"<"&DATE(YEAR(A17),MONTH(A17)+1,1)) | C17: =SUMIFS('Cash Flow'!$L$2:$L$101,'Cash Flow'!$E$2:$E$101,"Outflow",'Cash Flow'!$A$2:$A$101,">="&A17,'Cash Flow'!$A$2:$A$101,"<"&DATE(YEAR(A17),MONTH(A17)+1,1)) | D17: =B17-C17 | E17: =E16+D17 | F17: =IF(E17<'Assumptions'!$B$3,"Review","Within target") | G17: Training | H17: =SUMIFS('Cash Flow'!$L$2:$L$101,'Cash Flow'!$E$2:$E$101,"Outflow",'Cash Flow'!$F$2:$F$101,G17)
A18: 46082 | B18: =SUMIFS('Cash Flow'!$L$2:$L$101,'Cash Flow'!$E$2:$E$101,"Inflow",'Cash Flow'!$A$2:$A$101,">="&A18,'Cash Flow'!$A$2:$A$101,"<"&DATE(YEAR(A18),MONTH(A18)+1,1)) | C18: =SUMIFS('Cash Flow'!$L$2:$L$101,'Cash Flow'!$E$2:$E$101,"Outflow",'Cash Flow'!$A$2:$A$101,">="&A18,'Cash Flow'!$A$2:$A$101,"<"&DATE(YEAR(A18),MONTH(A18)+1,1)) | D18: =B18-C18 | E18: =E17+D18 | F18: =IF(E18<'Assumptions'!$B$3,"Review","Within target") | G18: Software | H18: =SUMIFS('Cash Flow'!$L$2:$L$101,'Cash Flow'!$E$2:$E$101,"Outflow",'Cash Flow'!$F$2:$F$101,G18)
A19: 46113 | B19: =SUMIFS('Cash Flow'!$L$2:$L$101,'Cash Flow'!$E$2:$E$101,"Inflow",'Cash Flow'!$A$2:$A$101,">="&A19,'Cash Flow'!$A$2:$A$101,"<"&DATE(YEAR(A19),MONTH(A19)+1,1)) | C19: =SUMIFS('Cash Flow'!$L$2:$L$101,'Cash Flow'!$E$2:$E$101,"Outflow",'Cash Flow'!$A$2:$A$101,">="&A19,'Cash Flow'!$A$2:$A$101,"<"&DATE(YEAR(A19),MONTH(A19)+1,1)) | D19: =B19-C19 | E19: =E18+D19 | F19: =IF(E19<'Assumptions'!$B$3,"Review","Within target") | G19: Equipment | H19: =SUMIFS('Cash Flow'!$L$2:$L$101,'Cash Flow'!$E$2:$E$101,"Outflow",'Cash Flow'!$F$2:$F$101,G19)
A20: 46143 | B20: =SUMIFS('Cash Flow'!$L$2:$L$101,'Cash Flow'!$E$2:$E$101,"Inflow",'Cash Flow'!$A$2:$A$101,">="&A20,'Cash Flow'!$A$2:$A$101,"<"&DATE(YEAR(A20),MONTH(A20)+1,1)) | C20: =SUMIFS('Cash Flow'!$L$2:$L$101,'Cash Flow'!$E$2:$E$101,"Outflow",'Cash Flow'!$A$2:$A$101,">="&A20,'Cash Flow'!$A$2:$A$101,"<"&DATE(YEAR(A20),MONTH(A20)+1,1)) | D20: =B20-C20 | E20: =E19+D20 | F20: =IF(E20<'Assumptions'!$B$3,"Review","Within target") | G20: Rent | H20: =SUMIFS('Cash Flow'!$L$2:$L$101,'Cash Flow'!$E$2:$E$101,"Outflow",'Cash Flow'!$F$2:$F$101,G20)
A21: 46174 | B21: =SUMIFS('Cash Flow'!$L$2:$L$101,'Cash Flow'!$E$2:$E$101,"Inflow",'Cash Flow'!$A$2:$A$101,">="&A21,'Cash Flow'!$A$2:$A$101,"<"&DATE(YEAR(A21),MONTH(A21)+1,1)) | C21: =SUMIFS('Cash Flow'!$L$2:$L$101,'Cash Flow'!$E$2:$E$101,"Outflow",'Cash Flow'!$A$2:$A$101,">="&A21,'Cash Flow'!$A$2:$A$101,"<"&DATE(YEAR(A21),MONTH(A21)+1,1)) | D21: =B21-C21 | E21: =E20+D21 | F21: =IF(E21<'Assumptions'!$B$3,"Review","Within target") | G21: Payroll | H21: =SUMIFS('Cash Flow'!$L$2:$L$101,'Cash Flow'!$E$2:$E$101,"Outflow",'Cash Flow'!$F$2:$F$101,G21)
A22: 46204 | B22: =SUMIFS('Cash Flow'!$L$2:$L$101,'Cash Flow'!$E$2:$E$101,"Inflow",'Cash Flow'!$A$2:$A$101,">="&A22,'Cash Flow'!$A$2:$A$101,"<"&DATE(YEAR(A22),MONTH(A22)+1,1)) | C22: =SUMIFS('Cash Flow'!$L$2:$L$101,'Cash Flow'!$E$2:$E$101,"Outflow",'Cash Flow'!$A$2:$A$101,">="&A22,'Cash Flow'!$A$2:$A$101,"<"&DATE(YEAR(A22),MONTH(A22)+1,1)) | D22: =B22-C22 | E22: =E21+D22 | F22: =IF(E22<'Assumptions'!$B$3,"Review","Within target") | G22: Revenue Payment | H22: =SUMIFS('Cash Flow'!$L$2:$L$101,'Cash Flow'!$E$2:$E$101,"Outflow",'Cash Flow'!$F$2:$F$101,G22)
A23: 46235 | B23: =SUMIFS('Cash Flow'!$L$2:$L$101,'Cash Flow'!$E$2:$E$101,"Inflow",'Cash Flow'!$A$2:$A$101,">="&A23,'Cash Flow'!$A$2:$A$101,"<"&DATE(YEAR(A23),MONTH(A23)+1,1)) | C23: =SUMIFS('Cash Flow'!$L$2:$L$101,'Cash Flow'!$E$2:$E$101,"Outflow",'Cash Flow'!$A$2:$A$101,">="&A23,'Cash Flow'!$A$2:$A$101,"<"&DATE(YEAR(A23),MONTH(A23)+1,1)) | D23: =B23-C23 | E23: =E22+D23 | F23: =IF(E23<'Assumptions'!$B$3,"Review","Within target") | G23: Insurance | H23: =SUMIFS('Cash Flow'!$L$2:$L$101,'Cash Flow'!$E$2:$E$101,"Outflow",'Cash Flow'!$F$2:$F$101,G23)
A24: 46266 | B24: =SUMIFS('Cash Flow'!$L$2:$L$101,'Cash Flow'!$E$2:$E$101,"Inflow",'Cash Flow'!$A$2:$A$101,">="&A24,'Cash Flow'!$A$2:$A$101,"<"&DATE(YEAR(A24),MONTH(A24)+1,1)) | C24: =SUMIFS('Cash Flow'!$L$2:$L$101,'Cash Flow'!$E$2:$E$101,"Outflow",'Cash Flow'!$A$2:$A$101,">="&A24,'Cash Flow'!$A$2:$A$101,"<"&DATE(YEAR(A24),MONTH(A24)+1,1)) | D24: =B24-C24 | E24: =E23+D24 | F24: =IF(E24<'Assumptions'!$B$3,"Review","Within target")
A25: 46296 | B25: =SUMIFS('Cash Flow'!$L$2:$L$101,'Cash Flow'!$E$2:$E$101,"Inflow",'Cash Flow'!$A$2:$A$101,">="&A25,'Cash Flow'!$A$2:$A$101,"<"&DATE(YEAR(A25),MONTH(A25)+1,1)) | C25: =SUMIFS('Cash Flow'!$L$2:$L$101,'Cash Flow'!$E$2:$E$101,"Outflow",'Cash Flow'!$A$2:$A$101,">="&A25,'Cash Flow'!$A$2:$A$101,"<"&DATE(YEAR(A25),MONTH(A25)+1,1)) | D25: =B25-C25 | E25: =E24+D25 | F25: =IF(E25<'Assumptions'!$B$3,"Review","Within target")
A26: 46327 | B26: =SUMIFS('Cash Flow'!$L$2:$L$101,'Cash Flow'!$E$2:$E$101,"Inflow",'Cash Flow'!$A$2:$A$101,">="&A26,'Cash Flow'!$A$2:$A$101,"<"&DATE(YEAR(A26),MONTH(A26)+1,1)) | C26: =SUMIFS('Cash Flow'!$L$2:$L$101,'Cash Flow'!$E$2:$E$101,"Outflow",'Cash Flow'!$A$2:$A$101,">="&A26,'Cash Flow'!$A$2:$A$101,"<"&DATE(YEAR(A26),MONTH(A26)+1,1)) | D26: =B26-C26 | E26: =E25+D26 | F26: =IF(E26<'Assumptions'!$B$3,"Review","Within target")
A27: 46357 | B27: =SUMIFS('Cash Flow'!$L$2:$L$101,'Cash Flow'!$E$2:$E$101,"Inflow",'Cash Flow'!$A$2:$A$101,">="&A27,'Cash Flow'!$A$2:$A$101,"<"&DATE(YEAR(A27),MONTH(A27)+1,1)) | C27: =SUMIFS('Cash Flow'!$L$2:$L$101,'Cash Flow'!$E$2:$E$101,"Outflow",'Cash Flow'!$A$2:$A$101,">="&A27,'Cash Flow'!$A$2:$A$101,"<"&DATE(YEAR(A27),MONTH(A27)+1,1)) | D27: =B27-C27 | E27: =E26+D27 | F27: =IF(E27<'Assumptions'!$B$3,"Review","Within target")

Sheet Assumptions
A1: Cash Flow Planning Assumptions
A2: Opening Cash Balance (€) | B2: 12500 | D2: Planning Note
A3: Minimum Desired Cash Balance (€) | B3: 5000 | D3: VAT rates should be reviewed against current Revenue Commissioners guidance, VAT3 obligations and the business's own VAT treatment.
A4: VAT Registration Status | B4: Registered
A5: Projection Year | B5: 2026
A7: VAT Rate Lookup Table
A8: Category | B8: VAT Rate
A9: Consultancy | B9: 0.23
A10: Training | B10: 0.23
A11: Software | B11: 0.23
A12: Equipment | B12: 0.23
A13: Rent | B13: 0
A14: Payroll | B14: 0
A15: Revenue Payment | B15: 0
A16: Insurance | B16: 0

Sheet Instructions
A1: Workbook Instructions
A3: Section | B3: Guidance
A4: Cash Flow | B4: Enter or amend pale-yellow input cells only. Formula cells calculate VAT, gross cash amounts, monthly periods, signed cash flow and cumulative cash balance automatically.
A5: Status | B5: Use Actual for completed transactions and Forecast for expected receipts or payments.
A6: VAT | B6: Enter net amounts excluding VAT. VAT and gross cash values calculate automatically using the editable VAT rate lookup table.
A7: Expected Payment Date | B7: Review expected payment dates regularly, particularly for forecast receipts and supplier payments.
A8: Dashboard | B8: Use the dashboard to monitor projected liquidity, monthly cash movement and cash levels against the minimum desired balance.
A9: Professional Review | B9: Confirm VAT, payroll, Revenue, PAYE, PRSI, USC and supplier payment assumptions with the relevant adviser.
A11: Irish Planning Context
A12: Important | B12: This workbook is a cash-planning tool and does not replace professional tax, accounting or legal advice.
